 Dungeon Crawl Stone Soup version 0.27.1-1-g398f81649c (webtiles) character file.

Game seed: 8005742536289383232

1397 ZARRMARR the Magician (level 8, -1/46 HPs)
             Began as an Octopode Earth Elementalist on Sept 6, 2021.
             Was an Initiate of Sif Muna.
             Slain by a human (5 damage)
             ... on level 6 of the Dungeon.
             The game lasted 00:26:30 (7407 turns).

ZARRMARR the Magician (Octopode Earth Elementalist) Turns: 7407, Time: 00:26:32

Health: -1/46      AC:  1    Str: 13 (14) XL:     8   Next: 69%
Magic:  7/18       EV: 13    Int: 16 (19) God:    Sif Muna [......]
Gold:   24         SH:  9    Dex: 11 (12) Spells: 15/21 levels left

rFire    . . .     SeeInvis .   d - +1 spear (vamp)
rCold    . . .     Faith    .   e - +0 buckler
rNeg     . . .     Spirit   .   u - +0 hat
rPois    .         Reflect  +   i - amulet of reflection
rElec    .         Harm     .   o - ring of willpower
rCorr    +         Rampage  .   s - +6 ring of strength
Will     +....                  v - ring of resist corrosion
Stlth    +++.......             (no ring)
HPRegen  0.15/turn              (no ring)
MPRegen  0.16/turn              (no ring)
                                (no ring)
                                (no ring)

@: very slightly contaminated
A: almost no armour, amphibious, 8 rings, camouflage 1, gelatinous body 1,
(nimble swimmer 1), tentacles
a: Renounce Religion


You were on level 6 of the Dungeon.
You worshipped Sif Muna.
Sif Muna was noncommittal.
You visited 2 branches of the dungeon, and saw 7 of its levels.

You collected 249 gold pieces.
You spent 225 gold pieces at shops.

Inventory:

Hand Weapons
 d - a +1 vampiric spear (weapon)
 C - the +4 quarterstaff of Ceban {elec, rElec Str-4 Dex+2}
   (You bought it in a shop on level 5 of the Dungeon)

   It occasionally discharges a powerful burst of electricity upon striking a
   foe.
   Str:       It affects your strength (-4).
   Dex:       It affects your dexterity (+2).
   rElec:     It insulates you from electricity.
Missiles
 b - 59 stones
 c - a throwing net
Armour
 e - a +0 buckler (worn)
 u - a +0 hat (worn)
Jewellery
 i - an amulet of reflection (around mantle)
 o - a ring of willpower (left tentacle)
 s - a +6 ring of strength (right tentacle)
 v - a ring of resist corrosion (on tentacle)
Wands
 p - a wand of charming (5)
 w - a wand of flame (14)
Scrolls
 a - a scroll of brand weapon
 j - 3 scrolls of teleportation
 q - a scroll of amnesia
 t - a scroll of noise {unknown}
 y - a scroll of summoning {unknown}
 z - a scroll of immolation {unknown}
 A - a scroll of torment {unknown}
 B - a scroll of enchant weapon {unknown}
Potions
 f - a potion of attraction
 g - a potion of degeneration
 h - a potion of magic
 k - a potion of flight {unknown}
 l - a potion of haste {unknown}
 m - 2 potions of mutation {unknown}
 n - 2 potions of curing {unknown}
 r - a potion of ambrosia {unknown}
 x - a potion of heal wounds {unknown}


   Skills:
 - Level 0.2 Fighting
 - Level 2.0 Dodging
 - Level 2.8 Stealth
 - Level 4.0 Shields
 + Level 7.0 Spellcasting
 - Level 1.0 Transmutations
 + Level 6.6 Earth Magic


You had 15 spell levels left.
You knew the following spells:

 Your Spells              Type           Power      Damage    Failure   Level
a - Stone Arrow           Conj/Erth      32%        3d9       10%         3
b - Sandblast             Erth           52%        2d12      1%          1
c - Passwall              Tmut/Erth      14%        N/A       4%          2

Your spell library contained the following spells:

 Spells                   Type           Power      Damage    Failure   Level
 Animate Skeleton         Necr           10%        N/A       12%         1
 Pain                     Necr           20%        1d5       12%         1
 Petrify                  Tmut/Erth      17%        N/A       26%         4
 Vampiric Draining        Necr           2%         2d6       36%         3


Dungeon Overview and Level Annotations

Branches:
Dungeon (6/15)             Temple (1/1) D:5

Altars:
Ashenzari
Cheibriados
Dithmenos
Elyvilon
Fedhas
Gozag
Hepliaklqana
Kikubaaqudgha
Makhleb
Nemelex Xobeh
Okawaru
Qazlal
Ru
Sif Muna
Trog
Uskayaw
Wu Jian
Xom
Yredelemnul
Zin
The Shining One

Shops:
D:5 (


Innate Abilities, Weirdness & Mutations

You cannot wear most types of armour.
You are amphibious.
You can wear up to eight rings at the same time.
Your skin changes colour to match your surroundings (Stealth+).
Your rubbery body absorbs attacks. (AC +1, EV +1)
((You are camouflaged near water. (Stealth+)))
You have tentacles for arms and can constrict up to eight enemies at once.


Message History

The human hits you with a +0 club.
* * * LOW HITPOINT WARNING * * *
The human hits you.
* * * LOW HITPOINT WARNING * * *
Unknown command.
Casting: Stone Arrow (dangerous; 11% risk of failure)
Confirm with . or Enter, or press ? or * to list all spells.
Aiming: Stone Arrow (dangerous; 11% risk of failure)
Press: ? - help, Shift-Dir - straight line, f/p - human
Aim: a human, wielding a +0 club and wearing a +0 leather armour (severely wounded, 56% to hit)
You miscast Stone Arrow.
You are very lightly contaminated with residual magic.
Nothing appears to happen.
You block the human's attack. x2
Casting: Stone Arrow (dangerous; 11% risk of failure)
Confirm with . or Enter, or press ? or * to list all spells.
Aiming: Stone Arrow (dangerous; 11% risk of failure)
Press: ? - help, Shift-Dir - straight line, f/p - human
Aim: a human, wielding a +0 club and wearing a +0 leather armour (severely wounded, 56% to hit)
The stone arrow hits the human!
You kill the human!
Sif Muna accepts your kill. You block the human's attack.
You feel your dexterity returning.
Your Spellcasting skill increases to level 7!
Casting: Stone Arrow (dangerous; 10% risk of failure)
Confirm with . or Enter, or press ? or * to list all spells.
Aiming: Stone Arrow (dangerous; 10% risk of failure)
Press: ? - help, Shift-Dir - straight line, f - human
Aim: a human, wearing a +0 leather armour and quivering stones (lightly wounded, 56% to hit)
The stone arrow misses the human.
You block the human's attack.
Unknown command.
Casting: Stone Arrow (dangerous; 10% risk of failure)
Confirm with . or Enter, or press ? or * to list all spells.
Aiming: Stone Arrow (dangerous; 10% risk of failure)
Press: ? - help, Shift-Dir - straight line, f/p - human
Aim: a human, wearing a +0 leather armour and quivering stones (lightly wounded, 56% to hit)
The stone arrow hits the human!
The human is heavily wounded.
The human hits you.
You die...

....###.# .........
$........ #.......##
.........# .........# ..
......)).# ... ......p@.#
.... .........##....
.#+####........
####........
#...........#.......#
#...........#.......#
...#####.#<......#.......#
.................#.......#
.######.######...#.......#


You could see a human.

Vanquished Creatures
  Grinder (D:3)
  2 humans (D:6)
  A black bear (D:5)
  An ice beast (D:5)
  A centaur (D:4)
  2 ogres
  A phantom (D:4)
  A scorpion (D:5)
  Ijyb (D:4)
  A scorpion zombie (D:5)
  2 orc wizards (D:5)
  A howler monkey zombie (D:5)
  7 gnolls
  7 adders
  A shadow imp (D:5)
  An ufetubus (D:5)
  A worm (D:3)
  3 dart slugs
  15 orcs
  4 endoplasms
  8 giant cockroaches
  10 goblins
  7 hobgoblins
  5 jackals
  5 quokkas
  8 ball pythons
  5 bats
  3 frilled lizards
  4 kobolds
  2 rats
111 creatures vanquished.

Vanquished Creatures (others)
  2 plants
2 creatures vanquished.

Grand Total: 113 creatures vanquished

Notes
Turn   | Place    | Note
-------+----------+-------------------------------------------
     0 | D:1      | ZARRMARR the Octopode Earth Elementalist began the quest
                  | for the Orb.
     0 | D:1      | Reached XP level 1. HP: 11/11 MP: 3/3
   313 | D:1      | Reached XP level 2. HP: 17/17 MP: 3/5
   396 | D:1      | Found a faded altar of an unknown god.
   936 | D:2      | Reached XP level 3. HP: 21/21 MP: 4/6
  1014 | D:2      | Learned a level 3 spell: Stone Arrow
  1117 | D:2      | Noticed an ogre
  1376 | D:2      | Killed an ogre
  1377 | D:2      | Reached skill level 3 in Spellcasting
  1377 | D:2      | Reached XP level 4. HP: 23/27 MP: 1/9
  1377 | D:2      | Reached XP level 5. HP: 26/31 MP: 1/10
  1542 | D:2      | You fall into a shaft and drop 1 floor!
  1558 | D:3      | Found a shadowy altar of Dithmenos.
  2468 | D:2      | Reached skill level 4 in Spellcasting
  2949 | D:3      | Noticed Grinder
  2952 | D:3      | Killed Grinder
  2953 | D:3      | Reached XP level 6. HP: 35/36 MP: 2/13
  3768 | D:4      | Reached skill level 5 in Spellcasting
  3768 | D:4      | Reached XP level 7. HP: 41/41 MP: 1/14
  4433 | D:4      | Found a sparkling altar of Nemelex Xobeh.
  4473 | D:4      | Noticed Ijyb
  4478 | D:4      | Killed Ijyb
  4767 | D:4      | Found a snail-covered altar of Cheibriados.
  5040 | D:4      | Learned a level 2 spell: Passwall
  5061 | D:5      | Entered Level 5 of the Dungeon
  5425 | D:5      | Reached skill level 5 in Earth Magic
  5645 | D:5      | Found a staircase to the Ecumenical Temple.
  5658 | D:5      | Reached skill level 6 in Spellcasting
  5658 | D:5      | Reached XP level 8. HP: 46/46 MP: 9/17
  5819 | Temple   | Entered the Ecumenical Temple
  5920 | Temple   | Became a worshipper of Sif Muna the Loreminder
  7214 | D:5      | Found Ucekijock's Antique Weapon Boutique.
  7224 | D:5      | Bought a polished quarterstaff for 225 gold pieces
  7224 | D:5      | Identified the +4 quarterstaff of Ceban {elec, rElec Str-4
                  | Dex+2} (You bought it in a shop on level 5 of the Dungeon)
  7406 | D:6      | Reached skill level 7 in Spellcasting
  7407 | D:6      | Slain by a human

Illustrated notes

Levels and vault maps discovered:
D:1:      co_arrival_random_square_maze, layout_rooms,
          shapermc_ecumenical_altar_mp_ritualfount, nrook_campfire
D:2:      layout_basic, kennysheep_generic_room_6
D:3:      layout_basic, grunt_dithmenos_smoke_and_mirrors, serial_park_tiny_1,
          kennysheep_decorative_pillar, uniq_grinder
D:4:      layout_gridville, cheibriados_altar_1, nemelex_dance_club_becter,
          guppyfry_early_lair_pool, uniq_ijyb
D:5:      layout_gridville, temple_green, serial_shops, nicolae_shop_crystal,
          chequers_serial_rivers_large_b, roderic_lattice_a,
          ebering_dispersal_statue_hall
D:6:      layout_basic, minmay_ruffians
Temple:   regret_index_temple_mists

Skill      XL: |  1  2  3  4  5  6  7  8 |
---------------+-------------------------+-----
Shields        | 2 4 |  4.0
Spellcasting   | 3 4 5 6 7 |  7.0
Earth Magic    | 4 5 6 |  6.6
Fighting       | |  0.2
Dodging        | |  2.0
Stealth        | |  2.8
Transmutations | |  1.0

Action                   |  1- 3 |  4- 6 |  7- 9 || total
-------------------------+-------+-------+-------++-------
Melee: Unarmed           |     5 |       |       ||     5
       Spear             |    10 |     2 |    21 ||    33
       Constrict         |     4 |       |     3 ||     7
       Tentacles         |     2 |       |     2 ||     4
 Cast: Sandblast         |    40 |    30 |     4 ||    74
       Stone Arrow       |     2 |    24 |    64 ||    90
Evoke: Wand              |       |       |     6 ||     6
  Use: Scroll            |     3 |     1 |     2 ||     6
       Potion            |       |       |     2 ||     2
 Stab: Sleeping          |     2 |     1 |     1 ||     4
Armor: Skin              |     3 |     2 |     3 ||     8
Dodge: Dodged            |    16 |     4 |    11 ||    31
Block: Buckler           |     1 |     5 |    28 ||    34
       Reflection        |       |       |     6 ||     6
